AoeStats
← E-d-d-i-e91G

Black Forest

510069886Analyzed
2v2 RM · 4d ago on Sep 29, 2026· 52m 16s· 4 players
Game mode
Random Map
Map size
Medium (4 player)
Population
200
Speed
Normal
Resources
Standard
Victory
Conquest
Starting age
Dark Age
Ending age
Imperial Age
RankedLock teamsTeams togetherTeam positionsShared explorationLock speedFull tech treeHidden civsTurbo modeCheats
Victory
Defeat
🇵🇭 Italians · Philippines
524
+12
🇵🇭 Spanish · Philippines
521
+13
🇦🇺 Britons · Australia
447
-13
🇦🇺 Shu · Australia
445
-12
Cederas
12:25 Feudal Age
13:04 Arson
12:47 Man-at-Arms
15:23 Scale Mail Armor
15:33 Forging
24:07 Bloodlines
26:13 Castle Age
24:52 Bloodlines
30:51 Padded Archer Armor
30:42 Fletching
30:59 Scale Barding Armor
31:30 Iron Casting
35:44 Wheelbarrow
34:47 Elite Skirmisher
36:16 Chain Barding Armor
36:12 Chain Mail Armor
37:43 Chain Mail Armor
39:01 Coinage
38:32 Caravan
39:56 Horse Collar
40:13 Double-Bit Axe
40:26 Pikeman
40:52 Gambesons
41:07 Squires
41:33 Fervor
41:30 Inquisition
41:50 Redemption
42:02 Sanctity
41:55 Husbandry
42:04 Heavy Plow
42:17 Bow Saw
47:06 Town Watch
49:54 Imperial Age
47:11 Loom
47:42 Hand Cart
51:01 Cavalier
52:49 Block Printing
52:59 Illumination
52:43 Stone Mining
52:44 Gold Mining
ggamer2311
11:12 Feudal Age
12:02 Double-Bit Axe
15:59 Wheelbarrow
16:05 Horse Collar
19:51 Gold Mining
21:21 Bloodlines
25:16 Castle Age
24:01 Stone Mining
25:21 Forging
28:19 Scale Barding Armor
29:37 Husbandry
32:13 Scale Mail Armor
36:53 Imperial Age
38:08 Chain Mail Armor
40:10 Thumb Ring
40:31 Caravan
41:25 Fletching
41:04 Cavalier
43:45 Plate Mail Armor
43:39 Chain Barding Armor
45:09 Ballistics
45:54 Chemistry
46:52 Elite Genoese Crossbowman
50:11 Theocracy
50:51 Bodkin Arrow
E-d-d-i-e91G
17:39 Feudal Age
19:18 Wheelbarrow
19:01 Horse Collar
20:54 Double-Bit Axe
21:07 Man-at-Arms
21:35 Arson
29:59 Castle Age
31:48 Gambesons
32:45 Bow Saw
32:39 Heavy Plow
35:50 Pikeman
36:32 Squires
38:27 Scale Mail Armor
40:54 Elite Skirmisher
40:58 Crossbowman
45:36 Fletching
47:26 Ballistics
50:29 Imperial Age
IAMASTROMAN9714
13:45 Feudal Age
15:36 Double-Bit Axe
18:12 Man-at-Arms
23:38 Scale Mail Armor
26:52 Wheelbarrow
27:28 Forging
31:32 Padded Archer Armor
31:23 Fletching
36:57 Castle Age
37:51 Pikeman
38:32 Squires
39:12 Crossbowman
39:13 Elite Skirmisher
45:24 Leather Archer Armor
45:54 Husbandry
Connection lost

Rejoining the realm…

Still unreachable

The connection could not be restored.

Session expired

The server has moved on; the page needs a fresh start.